 Dungeon Crawl Stone Soup version 0.21-a0-221-gfe971b9 (webtiles) character file.

86 dududu the Skirmisher (level 4, -3/41 HPs)
             Began as a Hill Orc Fighter on Aug 24, 2017.
             Killed by nerve-wracking pain
             ... invoked by an orc priest
              (5 damage)
             ... on level 3 of the Dungeon.
             The game lasted 00:04:17 (1429 turns).

dududu the Skirmisher (Hill Orc Fighter)            Turns: 1429, Time: 00:04:18

Health: -3/41      AC:  8    Str: 24    XL:     4   Next: 50%
Magic:  4/4        EV:  8    Int:  8    God:
Gold:   117        SH:  9    Dex: 10    Spells: 3/3 levels left

rFire    . . .     SeeInvis .   a - +1 war axe
rCold    . . .     Gourm    .   c - +0 shield
rNeg     . . .     Faith    .   g - +0 ring mail
rPois    .         Spirit   .   (no helmet)
rElec    .         Reflect  .   (no cloak)
rCorr    .         Harm     .   (no gloves)
MR       .....                  l - +1 pair of boots
Stlth    ..........             (no amulet)
HPRegen  0.13/turn              (no ring)
MPRegen  0.09/turn              (no ring)

@: mighty, hasted, very quick
A: no striking features
a: Convert to Beogh


You were on level 3 of the Dungeon.
You were hungry.

You visited 1 branch of the dungeon, and saw 3 of its levels.

You collected 117 gold pieces.

Inventory:

Hand Weapons
 a - a +1 war axe (weapon)
Armour
 c - a +0 shield (worn)
 g - a +0 ring mail (worn)
 l - a +1 pair of boots (worn)
Scrolls
 i - 3 scrolls of enchant weapon
 k - a scroll of enchant armour {unknown}
Potions
 b - 2 potions of degeneration
 e - 2 potions of curing
 j - a potion of resistance
Comestibles
 f - a bread ration
 h - a meat ration


   Skills:
 + Level 4.3 Fighting
 * Level 4.1 Axes
 + Level 3.9 Armour
 + Level 3.8 Shields


You had 3 spell levels left.
You didn't know any spells.

Dungeon Overview and Level Annotations

Branches:
Dungeon (3/15)

Altars:

Annotations:
D:2 1 runed door


Message History

You feel better. The orc priest barely misses you.
The orc priest invokes the aid of Beogh against you.
Beogh smites you!
* * * LOW HITPOINT WARNING * * *
You hit the orc priest but do no damage.
The orc priest is heavily wounded.
The orc priest closely misses you.
The orc priest hits you with a hand axe.
* * * LOW HITPOINT WARNING * * *
A quokka comes into view.
It was a potion of haste.
You feel yourself speed up.
You feel very mighty all of a sudden.
The orc priest hits you but does no damage.
The orc priest shouts, "Beogh is our master!
Accept the truth or die!"
You slash the orc priest!
You kill the orc priest!
Your Axes skill increases to level 4!
The orc priest mumbles some strange prayers to Beogh against you.
Pain shoots through your body!
You die...

#.# #.### #. #.# #.#
#. # #.# #.#
###.####.#.# #.#
#........#.#######.#
................#.#
##..####.#####.#.#
#........# #.#.#
#.#@###..# #.#.# #)#
#..# #.#.# #o# #..#
#<#.# #r.
#..#######.# ##.
#.....)....###
>##.............
.############### .#


You could see an orc priest and a quokka.

Vanquished Creatures
  An orc priest (D:3)
  An adder (D:2)
  A worm (D:2)
  2 dart slugs (D:2)
  2 orcs (D:3)
  A ball python (D:1)
  A giant cockroach (D:1)
  8 goblins
  6 hobgoblins
  5 bats
  5 frilled lizards
  5 kobolds
  5 rats
43 creatures vanquished.

Notes
Turn   | Place    | Note
-------+----------+-------------------------------------------
     0 | D:1      | dududu the Hill Orc Fighter began the quest for the Orb.
     0 | D:1      | Reached XP level 1. HP: 19/19 MP: 1/1
   230 | D:1      | Reached XP level 2. HP: 27/27 MP: 2/2
   604 | D:2      | Found a runed door.
   671 | D:2      | Reached XP level 3. HP: 33/33 MP: 3/3
  1422 | D:3      | Reached XP level 4. HP: 29/40 MP: 4/4
  1426 | D:3      | HP: 1/40 [orc priest/hand axe (6)]
  1429 | D:3      | Killed from afar by an orc priest

Vault maps used:
D:1:      dpeg_arrival_subterranean_lakeside_camping, minmay_split_cup_large
D:2:      uniq_crazy_yiuf_cottage
D:3:      lemuel_doored_altar, nicolae_overflow_hidden_temple, uniq_terence

Skill      XL: |  1  2  3  4 |
---------------+-------------+-----
Axes           | 3 4 |  4.1
Fighting       | 4 |  4.3
Armour         | |  3.9
Shields        | |  3.8

Action                   |  1- 3 |  4- 6 || total
-------------------------+-------+-------++-------
Melee: War axe           |    92 |     4 ||    96
  Use: Scroll            |     5 |       ||     5
       Potion            |       |     3 ||     3
  Eat: Chunk             |     1 |       ||     1
Armor: Scale mail        |     9 |       ||     9
       Ring mail         |    25 |     1 ||    26
Dodge: Dodged            |    16 |     3 ||    19
Block: Shield            |    50 |       ||    50

Table legend:
 A = Spawn XP
 B = Non-spawn XP
 C = Spawn XP percentage of total XP
 D = Spawn monster count
 E = Non-spawn monster count
 F = Spawn count percentage of total count
 G = Total turns spent on level
                    A         B        C        D         E        F      G
               +---------+---------+-------+---------+---------+-------+---------
         Total |       5 |     119 |   4.0 |       4 |      39 |   9.3 |  1429
               +---------+---------+-------+---------+---------+-------+---------
           D:1 |       1 |      30 |   3.2 |       1 |      19 |   5.0 |   558
           D:2 |       4 |      41 |   8.9 |       3 |      16 |  15.8 |   789
           D:3 |       0 |      48 |   0.0 |       0 |       4 |   0.0 |    82
               +---------+---------+-------+---------+---------+-------+---------
